 Dungeon Crawl Stone Soup version 0.27.1-35-g4d5d836560 (webtiles) character file.

Game seed: 4920912578853246331

14 Delamore the Sneak (level 2, -1/19 HPs)
             Began as an Octopode Brigand on May 1, 2022.
             Slain by a frilled lizard (3 damage)
             ... on level 1 of the Dungeon.
             The game lasted 00:00:25 (303 turns).

Delamore the Sneak (Octopode Brigand)                Turns: 303, Time: 00:00:26

Health: -1/19      AC:  1    Str: 10    XL:     2   Next: 45%
Magic:  2/2        EV: 12    Int: 13    God:
Gold:   14         SH:  0    Dex: 13    Spells: 1/1 levels left

rFire    . . .     SeeInvis .   e - +2 dagger (venom)
rCold    . . .     Faith    .   (no shield)
rNeg     . . .     Spirit   .   (helmet restricted)
rPois    .         Reflect  .   (no amulet)
rElec    .         Harm     .   (no ring)
rCorr    .         Rampage  .   (no ring)
Will     .....                  (no ring)
Stlth    ++++......             (no ring)
HPRegen  0.06/turn              (no ring)
MPRegen  0.08/turn              (no ring)
                                (no ring)
                                (no ring)

@: no status effects
A: almost no armour, amphibious, 8 rings, camouflage 1, gelatinous body 1,
(nimble swimmer 1), tentacles
a: no special abilities


You were on level 1 of the Dungeon.
You visited 1 branch of the dungeon, and saw 1 of its levels.

You collected 14 gold pieces.

Inventory:

Hand Weapons
 a - a +2 dagger
 e - a +2 dagger of venom (weapon)
Missiles
 b - 8 poisoned darts (quivered)
 c - 2 curare-tipped darts
 g - 4 javelins
Scrolls
 f - a scroll of enchant armour {unknown}
Potions
 d - a potion of attraction {unknown}


   Skills:
 + Level 2.2 Fighting
 * Level 2.7 Short Blades
 - Level 2.0 Throwing
 - Level 1.0 Dodging
 - Level 5.4 Stealth


You had one spell level left.
You didn't know any spells.
Your spell library was empty.

Dungeon Overview and Level Annotations

Branches:
Dungeon (1/15)

Altars:


Innate Abilities, Weirdness & Mutations

You cannot wear most types of armour.
You are amphibious.
You can wear up to eight rings at the same time.
Your skin changes colour to match your surroundings (Stealth+).
Your rubbery body absorbs attacks. (AC +1, EV +1)
((You are camouflaged near water. (Stealth+)))
You have tentacles for arms and can constrict up to eight enemies at once.


Message History

The kobold hits you but does no damage. The jackal closely misses you.
You hit the kobold.
You kill the kobold!
The bat closely misses you.
A hobgoblin comes into view.
The bat hits you but does no damage. The jackal completely misses you.
You barely miss the bat. Your grab misses the bat. The bat hits you.
The jackal completely misses you.
The frilled lizard bites the plant.
The plant begins to die.
You barely miss the bat. You grab the bat. You constrict the bat.
The bat hits you.
The bat struggles to escape constriction.
The jackal bites you.
The bat escapes!
The frilled lizard bites the plant.
You hit the bat.
You kill the bat!
The jackal bites you. The jackal misses you.
You hit the jackal.
The jackal is poisoned.
Your grab misses the jackal.
The jackal is severely wounded.
The jackal closely misses you. The jackal bites you. x2
You hit the jackal but do no damage. You grab the jackal.
You squeeze the jackal, but do no damage.
The jackal is severely wounded.
You constrict the jackal. The jackal barely misses you. The jackal bites you.
The jackal barely misses you.
The jackal bites the plant.
The jackal misses you.
You barely miss the jackal.
The jackal is almost dead.
You constrict the jackal.
You kill the jackal!
A nearby plant withers and dies.
The jackal bites you. The dart slug launches a dart at you.
The slug dart hits you.
* * * LOW HITPOINT WARNING * * *
The jackal barely misses you.
You are too injured to fight recklessly!
You are too injured to fight recklessly!
You are too injured to fight recklessly!
You are too injured to fight recklessly!
The frilled lizard bites you.
You die...

.......#.##.# .#
........#.#.#
##.#
.≈≈.....#.#.#
#...###
≈_.≈....#.#.#
##+#...g.P.
.≈≈.....#.#.#
#.....≈≈≈≈≈
........#.#.#
#..[.≈≈.≈≈.
.......#.##.#
#..K)≈≈≈≈≈≈
........ #.#
#..hhr.≈≈≈≈
.....#. #.#
#.@wh.≈≈.≈≈
###.###..l..P≈≈.≈
#.....'.......P..
#.#.###........##
#.#.# ##+###+###
#.#.# #.#.# #.#.#
..#.#


You could see a dart slug, 3 jackals, a hobgoblin, a kobold, a frilled lizard
and a rat.

Vanquished Creatures
  A dart slug (D:1)
  A hobgoblin (D:1)
  A jackal (D:1)
  2 kobolds (D:1)
  A bat (D:1)
  3 frilled lizards (D:1)
  3 goblins (D:1)
  A rat (D:1)
13 creatures vanquished.

Vanquished Creatures (others)
  2 plants (D:1)
2 creatures vanquished.

Grand Total: 15 creatures vanquished

Notes
Turn   | Place    | Note
-------+----------+-------------------------------------------
     0 | D:1      | Delamore the Octopode Brigand began the quest for the Orb.
     0 | D:1      | Reached XP level 1. HP: 14/14 MP: 1/1
   172 | D:1      | Reached XP level 2. HP: 19/19 MP: 2/2
   173 | D:1      | Found a faded altar of an unknown god.
   303 | D:1      | Slain by a frilled lizard

Illustrated notes

Levels and vault maps discovered:
D:1:      shiori_shiawase, layout_basic, serial_shops, shop_statue,
          shapermc_ecumenical_altar_starsandcircs, serial_bayou_pond_b,
          serial_park_tiny_pond

Action                   || total
-------------------------++-------
Melee: Dagger            ||    30
       Constrict         ||     7
       Tentacles         ||     2
 Stab: Sleeping          ||     4
Armor: Skin              ||     2
Dodge: Dodged            ||    17
